 Dungeon Crawl Stone Soup version 0.30-a0-575-g6f4a10e2d2 (webtiles) character file.

Game seed: 2415017591802208036

1 M4edhros the Charlatan (level 1, -1/13 HPs)
             Began as an Octopode Artificer on Dec 30, 2022.
             Slain by a quokka (4 damage)
             ... on level 1 of the Dungeon.
             The game lasted 00:00:12 (39 turns).

M4edhros the Charlatan (Octopode Artificer)           Turns: 39, Time: 00:00:13

Health: -1/13      AC:  1    Str: 11    XL:     1   Next: 20%
Magic:  1/1        EV: 13    Int: 13    God:
Gold:   0          SH:  0    Dex: 12    Spells: 0/0 levels left

rFire   . . .      SeeInvis .    (no weapon)
rCold   . . .      Faith    .    (no shield)
rNeg    . . .      Spirit   .    (helmet restricted)
rPois   .          Reflect  .    (no amulet)
rElec   .          Harm     .    (no ring)
rCorr   .          Rampage  .    (no ring)
Will    .....                    (no ring)
Stlth   +++                      (no ring)
HPRegen 0.22/turn                (no ring)
MPRegen 0.07/turn                (no ring)
                                 (no ring)
                                 (no ring)

@: no status effects
A: almost no armour, amphibious, 8 rings, camouflage 1, gelatinous body 1,
(nimble swimmer 1), tentacles
a: no special abilities


You were on level 1 of the Dungeon.
You visited 1 branch of the dungeon, and saw 1 of its levels.

Inventory:

Wands
 b - a wand of flame (15) (quivered)
 c - a wand of charming (14)
 d - a wand of iceblast (5)
Scrolls
 a - a scroll of fog {unknown}


   Skills:
 + Level 1.0 Fighting
 + Level 2.3 Dodging
 + Level 1.4 Stealth
 * Level 0.1 Unarmed Combat
 + Level 3.3 Evocations


You couldn't memorise any spells.
You didn't know any spells.
Your spell library was empty.

Dungeon Overview and Level Annotations

Branches:
Dungeon (1/15)

Altars:


Innate Abilities, Weirdness & Mutations

You cannot wear most types of armour.
You are amphibious.
You can wear up to eight rings at the same time.
Your skin changes colour to match your surroundings (Stealth+).
Your rubbery body absorbs attacks. (AC +1, EV +1)
((You are camouflaged when in or above water. (Stealth+)))
You have tentacles for arms and can constrict up to eight enemies at once.


Message History

You tentacle-slap the hobgoblin.
The hobgoblin is heavily wounded.
You constrict the hobgoblin. The hobgoblin misses you.
You tentacle-slap the hobgoblin.
You kill the hobgoblin!
No target in view!
No target in view!
Found 5 stones.
No target in view!
A quokka comes into view.
A quokka is nearby!
A kobold comes into view. It is wielding a +0 short sword.
The kobold shouts!
You hear an angry hiss.
A ball python comes into view.
There are monsters nearby!
A quokka comes into view.
The ball python bites you. The ball python grabs you.
The ball python constricts you.
You see here a +6 ring of strength.
You closely miss the ball python. Your grab misses the ball python.
The ball python closely misses you. The ball python constricts you.
The kobold barely misses you.
You barely miss the ball python. Your grab misses the ball python.
The ball python closely misses you. The ball python constricts you.
The kobold hits you with a +0 short sword.
* * * LOW HITPOINT WARNING * * *
You are too injured to fight recklessly!
You are too injured to fight recklessly!
You are too injured to fight recklessly!
You are too injured to fight recklessly!
You are too injured to fight recklessly!
You are too injured to fight recklessly!
You are too injured to fight recklessly!
Aiming: Charm
Press: ? - help, Shift-Dir - straight line, f - ball python
Aim: a ball python (constricting you, chance to affect: 73%)
The ball python is charmed.
Your ball python releases its grip on you.
The quokka bites you.
You die...

.# r #.## .. ... #.
##.. #. #.. .. #.#
####.##K#### #########
#....S@....# #.......#
#....r...(.# #.##+##.#
#..........# #.#...#.#
#..........####.#.<.#.#
#.............#.##'##.#
#..........##.'.+.....#
#..........##.#'#######
#..........##...#
#################


You could see 2 quokkas, a kobold and a friendly ball python (charmed).

Vanquished Creatures
  A hobgoblin (D:1)
1 creature vanquished.

Notes
Turn   | Place    | Note
-------+----------+-------------------------------------------
     0 | D:1      | M4edhros the Octopode Artificer began the quest for the
                  | Orb.
     0 | D:1      | Reached XP level 1. HP: 13/13 MP: 1/1
    39 | D:1      | Slain by a quokka

Illustrated notes

Levels and vault maps discovered:
D:1:      ncdulo_smallfort, layout_rooms

Action                   || total
-------------------------++-------
Melee: Unarmed           ||     6
       Constrict         ||     1
Evoke: Wand              ||     1
Dodge: Dodged            ||     6

Table legend: (Time is in decaauts)
 A = Elapsed time spent in this place.
 B = Non-inter-level travel time spent in this place.
 C = Inter-level travel time spent in this place.
 D = Time resting spent in this place.
 E = Time spent auto-exploring this place.
 F = Levels seen in this place.
 G = Mean time per level.
                   A        B        C        D        E       F      G
               +--------+--------+--------+--------+--------+-----+--------+
         Total |     39 |     39 |      0 |      0 |     18 |   1 |   39.0 |
       Dungeon |     39 |     39 |      0 |      0 |     18 |   1 |   39.0 |
               +--------+--------+--------+--------+--------+-----+--------+

Top non-repeatable levels by time:
     D:1: 39 daAuts
